 Dungeon Crawl Stone Soup version 0.29-a0-321-gf1c400731a (webtiles) character file.

Game seed: 2372799712453252650

121 ders the Magician (level 5, -5/35 HPs)
             Began as a Djinni Conjurer on Apr 4, 2022.
             Killed by divine providence
             ... invoked by an orc priest
              (13 damage)
             ... on level 4 of the Dungeon.
             The game lasted 00:03:32 (3553 turns).

ders the Magician (Djinni Conjurer)                 Turns: 3553, Time: 00:03:33

Health: -5/35      AC:  4    Str:  4 (6)  XL:     5   Next: 26%
Gold:   173        EV: 12    Int: 21 (22) God:
                   SH:  0    Dex:  9 (11)

rFire   + + +      SeeInvis .   h - +1 short sword (venom)
rCold   x x .      Faith    .   (no shield)
rNeg    . . .      Spirit   .   a - +0 robe
rPois   ∞          Reflect  .   q - +2 hat
rElec   .          Harm     .   (no cloak)
rCorr   .          Rampage  .   (no gloves)
Will    .....                   (boots unavailable)
Stlth   +.........              (no amulet)
HPRegen 0.11/turn               l - ring of fire
MPRegen 0.00/turn               (no ring)

@: confused, brilliant, flying
A: sickness immunity, fire resistance 2, cold vulnerability 1, float, innate
caster, HP casting, extra vitality 1
a: no special abilities


You were on level 4 of the Dungeon.
You visited 1 branch of the dungeon, and saw 4 of its levels.

You collected 173 gold pieces.

Inventory:

Hand Weapons
 h - a +1 short sword of venom (weapon)
Armour
 a - a +0 robe (worn)
 q - a +2 hat (worn)
Jewellery
 l - a ring of fire (left hand)
Scrolls
 e - 6 scrolls of identify {unknown}
 g - a scroll of enchant armour {unknown}
 k - a scroll of fear {unknown}
 m - a scroll of enchant weapon {unknown}
 o - a scroll of magic mapping {unknown}
 p - a scroll of immolation {unknown}
 r - a scroll of vulnerability {unknown}
 s - 2 scrolls of teleportation {unknown}
 t - a scroll of brand weapon {unknown}
Potions
 b - a potion of attraction {unknown}
 c - a potion of lignification {unknown}
 d - 2 potions of heal wounds {unknown}
 f - a potion of might {unknown}
 i - a potion of cancellation {unknown}
 j - a potion of brilliance
 n - a potion of degeneration
 u - a potion of ambrosia {unknown}
 v - a potion of curing {unknown}
 w - a potion of haste {unknown}
 x - a potion of resistance {unknown}


   Skills:
 - Level 2.6 Dodging
 - Level 2.1 Stealth
 + Level 4.5 Spellcasting


You couldn't memorise any spells.
You knew the following spells:

 Your Spells              Type           Power      Damage    Failure   Level
a - Magic Dart            Conj           100%       1d8       1%          1
b - Searing Ray           Conj           72%        2d7       2%          2
c - Dazzling Flash        Conj/Hex       72%        N/A       5%          3
d - Fulminant Prism       Conj/Hex       18%        3d11      17%         4
e - Iskenderun's Mystic   Conj/Tloc      36%        2d9       17%         4
f - Pain                  Necr           100%       1d9       1%          1
g - Passwall              Tmut/Erth      30%        N/A       2%          2
Your spell library was empty.

Dungeon Overview and Level Annotations

Branches:
Dungeon (4/15)
 Temple: D:4-7

Altars:


Innate Abilities, Weirdness & Mutations

You are immune to sickness and miasma.
You are immune to poison.
Your flesh is very heat resistant. (rF++)
You are vulnerable to cold. (rC-)
You float through the air rather than walking.
You learn spells naturally, not from books.
Your magical power is your life essence.
You have superior vitality. (+4 MHP)


Message History

The power to cast Passwall wells up from within.
Spell assigned to 'g'.
An orc wizard comes into view. It is wielding a +0 dagger.
Casting: Fulminant Prism (quite dangerous; 16% risk of failure)
Confirm with . or Enter, or press ? or * to list all spells.
Aiming: Fulminant Prism (quite dangerous; 16% risk of failure)
Press: ? - help, Dir - move target You conjure a prism of explosive energy!
A fulminant prism comes into view.
The orc priest hits your fulminant prism with a +0 hand axe.
Your fulminant prism detonates feebly.
The orc barely misses you.
Casting: Fulminant Prism (quite dangerous; 16% risk of failure)
Confirm with . or Enter, or press ? or * to list all spells.
Aiming: Fulminant Prism (quite dangerous; 16% risk of failure)
Press: ? - help, Dir - move target You conjure a prism of explosive energy!
* * * LOW HITPOINT WARNING * * *
A fulminant prism comes into view.
Something hits your fulminant prism.
Something tries to affect you, but you resist.
The orc closely misses you.
Your fulminant prism crackles loudly.
Something hits your fulminant prism.
The orc wizard hits your fulminant prism with a +0 dagger.
Your fulminant prism explodes!
The blast of energy engulfs the orc wizard.
The orc wizard is moderately wounded.
You feel a bit more experienced.
It was a potion of degeneration.
There was something very wrong with that liquid.
You feel weakened.
You feel dopey.
You feel clumsy.
The orc wizard gestures wildly while chanting.
The orc wizard flickers and vanishes!
You are confused.
It was a potion of brilliance.
You feel clever all of a sudden.
The orc priest calls down the wrath of Beogh upon you.
Beogh smites you!
You die...

... ...## ....###### .
#.<.....#######.{..
#.......@..o.o...#
#.......o#..)...##
#......##........#
#.....###.........
#.....##..........
#.....#...........
##...................
#.....................#
#....#................#


You could see an orc priest and 2 orcs.

Vanquished Creatures
  An orc priest (D:4)
  Robin (D:3)
  An adder (D:3)
  A dart slug (D:3)
  3 orcs (D:4)
  6 bats
  6 endoplasms
  3 giant cockroaches
  14 goblins
  7 hobgoblins
  5 kobolds
  A quokka (D:1)
  3 ball pythons
  2 frilled lizards
  5 rats
59 creatures vanquished.

Vanquished Creatures (others)
  4 fulminant prisms
4 creatures vanquished.

Grand Total: 63 creatures vanquished

Notes
Turn   | Place    | Note
-------+----------+-------------------------------------------
     0 | D:1      | ders the Djinni Conjurer began the quest for the Orb.
     0 | D:1      | Reached XP level 1. HP: 15/15 MP: 0/0
   325 | D:1      | Reached XP level 2. HP: 18/21 MP: 0/0
  1052 | D:2      | Reached XP level 3. HP: 24/25 MP: 0/0
  1052 | D:2      | Learned a level 1 spell: Pain
  1812 | D:2      | Found a faded altar of an unknown god.
  2376 | D:3      | Reached XP level 4. HP: 28/31 MP: 0/0
  2464 | D:3      | Noticed Robin
  2488 | D:3      | Reached skill level 4 in Spellcasting
  2699 | D:3      | Killed Robin
  3548 | D:4      | Reached XP level 5. HP: 15/35 MP: 0/0
  3548 | D:4      | Learned a level 2 spell: Passwall
  3553 | D:4      | Killed from afar by an orc priest

Illustrated notes

Levels and vault maps discovered:
D:1:      minmay_arrival_loop, layout_basic
D:2:      layout_basic, shapermc_ecumenical_altar_totnotflames,
          minmay_surrounded
D:3:      wad_pebble_path, layout_loops_ring, uniq_robin
D:4:      layout_layer_cave

Skill      XL: |  1  2  3  4 |
---------------+-------------+-----
Stealth        | 2 |  2.1
Spellcasting   | 4 |  4.5
Dodging        | |  2.6

Action                   |  1- 3 |  4- 6 || total
-------------------------+-------+-------++-------
 Cast: Magic Dart        |    68 |    36 ||   104
       Searing Ray       |       |     3 ||     3
       Fulminant Prism   |       |     4 ||     4
       Iskenderun's Myst |       |     1 ||     1
       Dazzling Flash    |       |     1 ||     1
  Use: Potion            |       |     2 ||     2
Armor: Robe              |     2 |     2 ||     4
Dodge: Dodged            |     6 |    13 ||    19

Table legend: (Time is in decaauts)
 A = Elapsed time spent in this place.
 B = Non-inter-level travel time spent in this place.
 C = Inter-level travel time spent in this place.
 D = Time resting spent in this place.
 E = Time spent auto-exploring this place.
 F = Levels seen in this place.
 G = Mean time per level.
                   A        B        C        D        E       F      G
               +--------+--------+--------+--------+--------+-----+--------+
         Total |   3551 |   3416 |    135 |    173 |   2949 |   4 |  887.8 |
       Dungeon |   3551 |   3416 |    135 |    173 |   2949 |   4 |  887.8 |
               +--------+--------+--------+--------+--------+-----+--------+

Top non-repeatable levels by time:
     D:3: 1226 daAuts
     D:1: 1044 daAuts
     D:2: 835 daAuts
     D:4: 444 daAuts
